 Dungeon Crawl Stone Soup version 0.25-a0-109-ge9c0e85935 (webtiles) character file.

Game seed: 6387497433044574526, levelgen mode: deterministic

6329 vurker the Cleaver (level 11, -4/89 HPs)
             Began as a Formicid Abyssal Knight on Nov 18, 2019.
             Was an Elder of Lugonu.
             Slain by a two-headed ogre
             ... wielding a +0 dire flail
              (19 damage)
             ... on level 9 of the Dungeon.
             The game lasted 00:14:33 (9308 turns).

vurker the Cleaver (Formicid Abyssal Knight)        Turns: 9308, Time: 00:14:33

Health: -4/89      AC: 20    Str: 20    XL:     11   Next: 16%
Magic:  17/17      EV:  8    Int: 12    God:    Lugonu [****..]
Gold:   391        SH:  4    Dex: 10    Spells: 10/10 levels left

rFire    . . .     SeeInvis +   z - +0 war axe
rCold    . . .     Gourm    .   g - +0 buckler
rNeg     + . .     Faith    .   y - +0 plate armour
rPois    .         Spirit   .   (helmet unavailable)
rElec    .         Reflect  .   (no cloak)
rCorr    .         Harm     .   a - +0 pair of gloves
MR       +....                  b - +0 pair of boots (curse)
Stlth    ..........             (no amulet)
HPRegen  0.24/turn              n - +5 ring of protection
MPRegen  0.15/turn              p - ring of positive energy

@: no status effects
A: permanent stasis, dig shafts and tunnels, four strong arms, antennae 3
a: Dig, Shaft Self, Depart the Abyss, Bend Space, Banish, Corrupt, Renounce
Religion


You were on level 9 of the Dungeon.
You worshipped Lugonu.
Lugonu was greatly pleased with you.
You were not hungry.

You visited 1 branch of the dungeon, and saw 9 of its levels.
You visited the Abyss 1 time.
You also visited: Ossuary.

You collected 461 gold pieces.
You spent 70 gold pieces at shops.

Inventory:

Hand Weapons
 z - a +0 war axe (weapon)
   (You bought it in a shop on level 8 of the Dungeon)
Armour
 a - a +0 pair of gloves (worn)
   (You found it on level 9 of the Dungeon)
 b - a cursed +0 pair of boots (worn)
   (You found it on level 6 of the Dungeon)
 g - a +0 buckler (worn)
   (You found it on level 6 of the Dungeon)
 y - a +0 plate armour (worn)
   (You took it off an orc warrior on level 7 of the Dungeon)
Jewellery
 n - a +5 ring of protection (left hand)
   (You found it on level 3 of the Dungeon)
 p - a ring of positive energy (right hand)
   (You found it on level 4 of the Dungeon)
Wands
 s - a wand of polymorph (12)
   (You found it on level 3 of the Dungeon)
 t - a wand of flame (13)
   (You found it on level 4 of the Dungeon)
Scrolls
 c - a scroll of fog
 f - 2 scrolls of remove curse
 h - a scroll of enchant armour
 o - 3 scrolls of enchant weapon
 u - 2 scrolls of immolation
 v - a scroll of fear
Potions
 d - 2 potions of magic
 i - 5 potions of curing
 j - 2 potions of resistance
 k - 6 potions of might
 l - a potion of lignification {unknown}
 m - 3 potions of flight
 q - 3 potions of brilliance
 r - a potion of mutation
 x - 2 potions of heal wounds
 A - a potion of haste {unknown}
Comestibles
 e - 21 rations
 w - 3 chunks of flesh


   Skills:
 + Level 9.1 Fighting
 * Level 12.0 Axes
 * Level 6.8 Armour
 - Level 5.0 Dodging
 - Level 2.4 Shields
 + Level 5.3 Invocations
 * Level 9.2 Evocations


You had 10 spell levels left.
You didn't know any spells.
Your spell library contained the following spells:

 Spells                   Type           Power        Failure   Level  Hunger
 Sandblast                Erth           #.....       100%        1    ##.....
 Passwall                 Tmut/Erth      #.......     100%        2    ###....
 Shroud of Golubria       Chrm/Tloc      #.....       100%        2    ###....
 Gell's Gravitas          Tloc           #.........   100%        3    ####...
 Lesser Beckoning         Tloc           #.........   100%        3    ####...
 Stone Arrow              Conj/Erth      #.....       100%        3    ####...
 Teleport Other           Tloc           #.......     100%        3    ####...
 Passage of Golubria      Tloc           N/A          100%        4    #####..
 Petrify                  Tmut/Erth      #.......     100%        4    #####..
 Lee's Rapid Deconstruct  Erth           #.........   100%        5    ######.
 Blink                    Tloc           Unusable     N/A         2    N/A

Dungeon Overview and Level Annotations

Branches:
Dungeon (9/15)             Temple (0/1) D:5         Ossuary (visited)
   Lair: D:8-11         Orc: D:9-12

Altars:
Gozag
Hepliaklqana
Makhleb
Nemelex Xobeh
Okawaru
Ru
Uskayaw
Zin
The Shining One

Shops:
D:8 (

Annotations:
D:7 2 transporters, DavidChitty2's ghost, novice HOFi
D:8 Prince Ribbit


Innate Abilities, Weirdness & Mutations

You cannot be hasted, slowed, berserked, paralysed or teleported.
You can dig through walls and to a lower floor.
Your four strong arms can wield two-handed weapons with a shield.
You have a pair of large antennae on your head. (SInv)


Message History

The hippogriff closely misses you.
You hit the hippogriff. The hippogriff bites you.
The hippogriff pecks you but does no damage.
The hippogriff claws you but does no damage.
You hit the hippogriff but do no damage.
The hippogriff barely misses you. x2; The hippogriff claws you.
You hit the hippogriff. The hippogriff closely misses you.
The hippogriff barely misses you. You block the hippogriff's attack.
You slice the hippogriff!!
You kill the hippogriff!
Lugonu accepts your kill.
Your Axes skill increases to level 12!
A two-headed ogre comes into view.
It is wielding a +0 dire flail and a +0 giant club.
A two-headed ogre is nearby!
You see here a hippogriff corpse.
You closely miss the two-headed ogre. The two-headed ogre barely misses you.
The two-headed ogre hits you with a +0 giant club!
You hit the two-headed ogre.
The two-headed ogre hits you with a +0 dire flail!
The two-headed ogre hits you with a +0 giant club!
You hit the two-headed ogre. You hit the two-headed ogre.
The two-headed ogre hits you but does no damage.
The two-headed ogre hits you with a +0 giant club.
You slash the two-headed ogre!
The two-headed ogre hits you but does no damage. x2
You hit the two-headed ogre but do no damage.
You slash the two-headed ogre! You block the two-headed ogre's attack.
The two-headed ogre hits you with a +0 giant club.
You hit the two-headed ogre but do no damage.
The two-headed ogre hits you but does no damage. x2
You hit the two-headed ogre.
The two-headed ogre hits you but does no damage. x2
You hit the two-headed ogre. You slash the two-headed ogre!
The two-headed ogre hits you but does no damage.
The two-headed ogre hits you with a +0 giant club.
You hit the two-headed ogre but do no damage.
The two-headed ogre hits you with a +0 dire flail.
The two-headed ogre hits you but does no damage.
You hit the two-headed ogre.
The two-headed ogre hits you with a +0 dire flail!
* * * LOW HITPOINT WARNING * * *
The two-headed ogre hits you with a +0 giant club!!
* * * LOW HITPOINT WARNING * * *
You hit the two-headed ogre.
The two-headed ogre hits you with a +0 dire flail.
* * * LOW HITPOINT WARNING * * *
The two-headed ogre hits you with a +0 giant club!!
You die...

####...< .... #..# ####
##..# ...##....#
#....#..#
#################..##..#
......>.†..).......)÷..#
#.....O@...#).....####..
#.##########......# #..
#......# #.. .........#
#.. ########## #.. #.#
#.# #.# #.#


You could see a two-headed ogre.

Vanquished Creatures
  A two-headed ogre (D:8)
  2 hippogriffs
  A spriggan (D:7)
  A wyvern (D:8)
  Grum (D:9)
  2 hungry ghosts
  A steam dragon (D:8)
  A sky beast (D:7)
  A black bear (D:7)
  3 orc warriors
  3 ogres
  4 wolves
  A centaur (D:9)
  A phantom (D:7)
  A crocodile (D:8)
  2 big kobolds
  4 bullfrogs
  2 water moccasin zombies (Ossuary)
  A scorpion (D:5)
  2 bullfrog zombies
  2 howler monkeys (D:9)
  4 crimson imps
  2 hounds
  5 orc priests
  8 orc wizards
  2 centaur skeletons
  6 worker ants
  5 big kobold zombies (Ossuary)
  A hound zombie (D:8)
  A hound skeleton (D:4)
  2 mummies (Ossuary)
  3 adders
  6 gnolls (D:7)
  4 shadow imps
  2 oozes
  5 adder zombies (Ossuary)
  An adder skeleton (D:4)
  3 worms
  A dart slug (D:3)
  3 leopard geckos
  23 orcs
  3 gnoll zombies (Ossuary)
  8 goblins
  4 hobgoblins
  8 jackals
  7 quokkas
  4 bats
  2 frilled lizards
  5 hobgoblin zombies (Ossuary)
  12 kobolds
  6 kobold zombies (Ossuary)
  A leopard gecko skeleton (D:4)
  A leopard gecko zombie (D:5)
  4 orc zombies (Ossuary)
  A quokka skeleton (D:7)
  5 rats
195 creatures vanquished.

Notes
Turn   | Place    | Note
-------+----------+-------------------------------------------
     0 | Abyss:1  | vurker the Formicid Abyssal Knight began the quest for the
                  | Orb.
     0 | Abyss:1  | Reached XP level 1. HP: 18/18 MP: 2/2
    30 | Abyss:1  | Noticed a small abomination
    31 | Abyss:1  | Noticed a small abomination
    58 | Abyss:1  | Noticed a worldbinder
    60 | Abyss:1  | Noticed a rakshasa
    62 | D:1      | Escaped the Abyss
   233 | D:1      | You fall into a shaft and drop 1 floor!
   357 | D:2      | Reached XP level 2. HP: 16/24 MP: 3/3
   461 | D:2      | Reached * piety under Lugonu
   766 | D:1      | Reached XP level 3. HP: 28/29 MP: 4/4
  1710 | D:3      | Reached skill level 3 in Axes
  1926 | D:3      | Found a hide-covered altar of Uskayaw.
  1926 | D:3      | Found a hazy altar of Hepliaklqana.
  1943 | D:3      | Reached XP level 4. HP: 37/37 MP: 6/6
  2672 | D:3      | Reached XP level 5. HP: 36/42 MP: 7/7
  2721 | D:4      | Reached ** piety under Lugonu
  2725 | D:4      | Noticed an ogre
  2824 | D:4      | Reached skill level 1 in Evocations
  2900 | D:4      | Reached skill level 4 in Axes
  3063 | D:4      | Reached XP level 6. HP: 37/49 MP: 8/8
  3284 | D:4      | Killed an ogre
  3323 | D:4      | Reached XP level 7. HP: 22/55 MP: 10/10
  3525 | D:4      | Found an opulent altar of Gozag.
  4031 | D:5      | Entered Level 5 of the Dungeon
  4042 | D:5      | Reached skill level 11 in Axes
  4042 | D:5      | Reached XP level 8. HP: 61/61 MP: 10/14
  4043 | D:5      | Reached skill level 5 in Armour
  4043 | D:5      | Reached XP level 9. HP: 75/75 MP: 10/15
  4285 | D:5      | Found a staircase to the Ecumenical Temple.
  4439 | D:5      | Found a glowing golden altar of the Shining One.
  4501 | D:5      | Found a sacrificial altar of Ru.
  5694 | D:7      | Found a sparkling altar of Nemelex Xobeh.
  6123 | D:7      | Found a burning altar of Makhleb.
  6183 | D:7      | Reached *** piety under Lugonu
  6313 | D:7      | Found a transporter.
  6380 | D:7      | Noticed a hippogriff
  6401 | D:7      | Killed a hippogriff
  6654 | D:7      | Found a transporter.
  6659 | D:7      | Noticed DavidChitty2's ghost (novice HOFi)
  6793 | D:7      | Reached skill level 1 in Shields
  6793 | D:7      | Reached XP level 10. HP: 82/82 MP: 16/16
  7008 | D:8      | Found a sand-covered staircase.
  7178 | Ossuary  | Entered an ossuary
  7297 | Ossuary  | Reached **** piety under Lugonu
  7917 | D:8      | Found an iron altar of Okawaru.
  8110 | D:8      | Found a glowing silver altar of Zin.
  8272 | D:8      | Noticed Prince Ribbit
  8349 | D:8      | Found Igisu's Antique Weapon Emporium.
  8354 | D:8      | Bought a war axe for 70 gold pieces
  8486 | D:8      | Noticed a two-headed ogre
  8503 | D:8      | Killed a two-headed ogre
  8503 | D:8      | Reached skill level 5 in Dodging
  8503 | D:8      | Reached skill level 5 in Invocations
  8732 | D:9      | Noticed Grum
  8873 | D:9      | Killed Grum
  8873 | D:9      | Reached XP level 11. HP: 56/89 MP: 17/17
  9184 | D:9      | Noticed Maurice
  9238 | D:9      | Reached skill level 12 in Axes
  9290 | D:9      | Noticed a two-headed ogre
  9308 | D:9      | Slain by a two-headed ogre

Levels and vault maps discovered:
D:1:      scummos_arrival_simple_fountains, layout_basic, minivault_23,
          patterned_corridor
D:2:      layout_loops_corners, first_ration
D:3:      layout_loops_ring, gammafunk_temple_overflow_elements
D:4:      layout_layer_cave, kennysheep_little_box
D:5:      layout_rooms, nicolae_tso_swordbearing_angel, nicolae_ru_awakened_eye,
          minmay_temple_entry_statues_fountains, supply_closet_lemuel
D:6:      layout_cave_pods
D:7:      layout_loops_ring, nemelex_xobeh_ov_fountains_minmay,
          gammafunk_ghost_stat_death, the_bakery, bloody_makhleb
D:8:      layout_cave_pods, marbit_many_paths, zin_statuary, serial_shops,
          nicolae_shop_waterfront, enter_ossuary_2, uniq_prince_ribbit1
D:9:      layout_rooms, uniq_grum, uniq_maurice

Skill      XL: |  1  2  3  4  5  6  7  8  9 10 11 |
---------------+----------------------------------+-----
Axes           | 3 4 11 12 | 12.0
Invocations    | 3 4 5 |  5.3
Fighting       | 4 8 9 |  9.1
Evocations     | 1 2 8 9 |  9.2
Armour         | 5 6 |  6.8
Dodging        | 4 5 |  5.0
Shields        | 1 2 |  2.4

Action                   |  1- 3 |  4- 6 |  7- 9 | 10-12 || total
-------------------------+-------+-------+-------+-------++-------
Melee: Hand axe          |    97 |   192 |   289 |   279 ||   857
       War axe           |       |       |       |   151 ||   151
Invok: Depart the Abyss  |     1 |       |       |       ||     1
  Use: Scroll            |       |       |    16 |     4 ||    20
       Potion            |       |       |     2 |       ||     2
  Eat: Chunk             |     3 |     5 |    10 |     8 ||    26
       Ration            |       |       |     1 |     3 ||     4
Armor: Chain mail        |    65 |   139 |   134 |     4 ||   342
       Leather armour    |     2 |       |       |       ||     2
       Plate armour      |       |       |       |   256 ||   256
Dodge: Dodged            |    40 |    75 |   113 |   130 ||   358
Block: Buckler           |       |       |    24 |    55 ||    79

Table legend:
 A = Non-vault XP
 B = Vault XP
 C = Vault XP percentage of total XP
 D = Non-vault monster count
 E = Vault monster count
 F = Vault count percentage of total count
                 A         B        C        D         E       F
            +---------+---------+-------+---------+---------+-------
      Total |    6088 |    1362 |  18.3 |     156 |      39 |  20.0
            +---------+---------+-------+---------+---------+-------
        D:1 |      17 |       0 |   0.0 |       9 |       0 |   0.0
        D:2 |      31 |       0 |   0.0 |      12 |       0 |   0.0
        D:3 |     129 |       0 |   0.0 |      32 |       0 |   0.0
        D:4 |     387 |       0 |   0.0 |      20 |       0 |   0.0
        D:5 |     266 |       0 |   0.0 |       9 |       0 |   0.0
        D:6 |     540 |       0 |   0.0 |      16 |       0 |   0.0
        D:7 |    1056 |     224 |  17.5 |      19 |       1 |   5.0
        D:8 |    2310 |     204 |   8.1 |      24 |       2 |   7.7
        D:9 |    1352 |     560 |  29.3 |      15 |       4 |  21.1
    Ossuary |       0 |     374 | 100.0 |       0 |      32 | 100.0
            +---------+---------+-------+---------+---------+-------
